 Dungeon Crawl Stone Soup version 0.30-a0-622-gddc90eaa04 (webtiles) character file.

Game seed: 1783139672033406285

11 drugrobin the Sneak (level 2, 0/25 HPs)
             Began as a Demigod Delver on Jan 10, 2023.
             Slain by a hound (4 damage)
             ... on level 3 of the Dungeon.
             The game lasted 00:05:37 (501 turns).

drugrobin the Sneak (Demigod Delver)                 Turns: 501, Time: 00:05:38

Health: 0/25       AC:  3    Str: 13    XL:     2   Next: 6%
Magic:  4/4        EV: 11    Int: 12    God:
Gold:   0          SH:  0    Dex: 15    Spells: 1/1 levels left

rFire   . . .      SeeInvis .      - Unarmed
rCold   + . .      Faith    .    (no shield)
rNeg    . . .      Spirit   .    a - +0 leather armour
rPois   .          Reflect  .    (no helmet)
rElec   .          Harm     .    (no cloak)
rCorr   .          Rampage  .    (no gloves)
Will    .....                    (no boots)
Stlth   +++                      i - amulet of the acrobat
HPRegen 0.24/turn                j - ring of protection from cold
MPRegen 0.09/turn                (no ring)

@: no status effects
A: high MP 1, forlorn, divine attributes
a: no special abilities


You were on level 3 of the Dungeon.
You visited 1 branch of the dungeon, and saw 3 of its levels.

Inventory:

Hand Weapons
 g - a +0 rapier
Armour
 a - a +0 leather armour (worn)
Jewellery
 i - an amulet of the acrobat (around neck)
 j - a ring of protection from cold (left hand)
Wands
 f - a wand of digging (1)
Scrolls
 b - a scroll of fog
 k - a scroll of teleportation {unknown}
 l - a scroll of identify {unknown}


   Skills:
 - Level 2.6 Fighting
 - Level 1.7 Dodging
 - Level 4.5 Stealth
 + Level 2.6 Unarmed Combat


You had one spell level left.
You didn't know any spells.
Your spell library was empty.

Dungeon Overview and Level Annotations

Branches:
Dungeon (5/15)
 Temple: D:4-7

Annotations:
D:5 exclusions: 2 gnolls and hound


Innate Abilities, Weirdness & Mutations

You have an increased reservoir of magic. (+10% MP)
You shall have no god before yourself.
Your divine heritage dramatically boosts your attributes as you level up.


Message History

You are too injured to fight recklessly!
You are too injured to fight recklessly!
You are too injured to fight recklessly!
You are too injured to fight recklessly!
You are too injured to fight recklessly!
You are too injured to fight recklessly!
You are too injured to fight recklessly!
You are too injured to fight recklessly!
You are too injured to fight recklessly!
You are too injured to fight recklessly!
You are too injured to fight recklessly!
You hit the hound.
The hound is severely wounded.
The hound completely misses you.
You closely miss the hound.
The hound is heavily wounded.
The hound bites you.
You barely miss the hound.
The hound is heavily wounded.
The hound bites you.
* * * LOW HITPOINT WARNING * * *
The hound barely misses you.
You closely miss the hound.
The hound is heavily wounded.
The hound bites you.
* * * LOW HITPOINT WARNING * * *
You closely miss the hound.
The hound is heavily wounded.
The hound bites you but does no damage. The hound barely misses you.
You hit the hound but do no damage.
The hound is heavily wounded.
The hound bites you.
* * * LOW HITPOINT WARNING * * *
You hit the hound.
The hound is severely wounded.
The hound barely misses you. x2
You hit the hound.
The hound is almost dead.
The hound bites you.
You die...

####......##.........#
...........'.........+
####....####.........#
##>.## ##.......# #.##
##.....## #.# ##...##
#.# ##'## #.# #h# #.#
#@# #.# ... .....
##..... ##.#..# ......
#######


You could see a hound.

Vanquished Creatures
  An adder (D:3)
  An orc (D:5)
2 creatures vanquished.

Vanquished Creatures (others)
  12 plants (D:5)
12 creatures vanquished.

Grand Total: 14 creatures vanquished

Notes
Turn   | Place    | Note
-------+----------+-------------------------------------------
     0 | D:5      | drugrobin the Demigod Delver began the quest for the Orb.
     0 | D:5      | Reached XP level 1. HP: 18/18 MP: 3/3
    23 | D:5      | Noticed a scorpion
   114 | D:5      | Noticed a hound
   262 | D:5      | Noticed a gnoll bouda
   378 | D:5      | Noticed a gnoll sergeant
   389 | D:5      | Noticed a gnoll bouda
   424 | D:4      | Noticed a hound
   424 | D:4      | Noticed a necrophage
   425 | D:4      | Noticed a hound
   484 | D:3      | Reached XP level 2. HP: 15/25 MP: 4/4
   501 | D:3      | Slain by a hound

Illustrated notes

Levels and vault maps discovered:
D:3:      layout_loops_corners, nicolae_tso_besieged_by_evil,
          ebering_ecumenical_altar_abandoned, kennysheep_generic_room_14,
          uniq_terence
D:4:      layout_rooms, kennysheep_mini_moat
D:5:      layout_loops_cross, nicolae_grassy_gnolls

Skill      XL: |  1 |
---------------+----+-----
Unarmed Combat | 2 |  2.6
Fighting       | |  2.6
Dodging        | |  1.7
Stealth        | |  4.5

Action                   || total
-------------------------++-------
Melee: Unarmed           ||    27
Evoke: Wand              ||     2
  Use: Scroll            ||     2
       Potion            ||     2
 Stab: Sleeping          ||     1
Armor: Leather armour    ||     3
Dodge: Dodged            ||    58

Table legend: (Time is in decaauts)
 A = Elapsed time spent in this place.
 B = Non-inter-level travel time spent in this place.
 C = Inter-level travel time spent in this place.
 D = Time resting spent in this place.
 E = Time spent auto-exploring this place.
 F = Levels seen in this place.
 G = Mean time per level.
                   A        B        C        D        E       F      G
               +--------+--------+--------+--------+--------+-----+--------+
         Total |    479 |    479 |      0 |      0 |     79 |   3 |  159.7 |
       Dungeon |    479 |    479 |      0 |      0 |     79 |   3 |  159.7 |
               +--------+--------+--------+--------+--------+-----+--------+

Top non-repeatable levels by time:
     D:5: 399 daAuts
     D:3: 53 daAuts
     D:4: 26 daAuts
